 Dungeon Crawl Stone Soup version 0.25-a0-163-g00f8f0cddd (webtiles) character file.

Game seed: 6154364837895581046, levelgen mode: deterministic

322 Jindul the Cutter (level 6, -4/42 HPs)
             Began as a Halfling Abyssal Knight on Nov 22, 2019.
             Was a Believer of Lugonu.
             Killed by nerve-wracking pain
             ... invoked by Grinder
              (12 damage)
             ... while paralysed by Grinder
             ... on level 5 of the Dungeon.
             The game lasted 00:26:32 (5185 turns).

Jindul the Cutter (Halfling Abyssal Knight)         Turns: 5185, Time: 00:26:33

Health: -4/42      AC:  5    Str: 13    XL:     6   Next: 76%
Magic:  8/8        EV:  3    Int: 10    God:    Lugonu [**....]
Gold:   169        SH:  0    Dex: 16    Spells: 5/5 levels left

rFire    . . .     SeeInvis +   a - +1 short sword
rCold    . . .     Gourm    .   (shield restricted)
rNeg     . . .     Faith    .   d - +0 leather armour
rPois    .         Spirit   .   (no helmet)
rElec    .         Reflect  .   v - scarf {cloud immunity}
rCorr    .         Harm     .   g - +0 pair of gloves
MR       .....                  t - +0 pair of boots (curse)
Stlth    ++........             (no amulet)
HPRegen  0.14/turn              u - ring of see invisible
MPRegen  0.11/turn              (no ring)

@: paralysed
A: small, mutation resistance 1
a: Depart the Abyss, Bend Space, Renounce Religion


You were on level 5 of the Dungeon.
You worshipped Lugonu.
Lugonu was pleased with you.
You were not hungry.

You visited 1 branch of the dungeon, and saw 6 of its levels.
You visited the Abyss 1 time.

You collected 169 gold pieces.

Inventory:

Hand Weapons
 a - a +1 short sword (weapon)
 b - a +0 hunting sling
 h - a +1 dagger of protection
 p - a cursed -2 war axe
Missiles
 i - 247 stones (quivered)
Armour
 d - a +0 leather armour (worn)
 g - a +0 pair of gloves (worn)
 t - a cursed +0 pair of boots (worn)
 v - a scarf of cloud immunity (worn)
Jewellery
 e - an uncursed ring of fire
 u - a ring of see invisible (left hand)
Scrolls
 f - a scroll of identify
 j - a scroll of brand weapon {unknown}
 k - a scroll of magic mapping {unknown}
 l - 2 scrolls of teleportation
 m - a scroll of enchant weapon {unknown}
 q - a scroll of remove curse
 r - a scroll of holy word {unknown}
 s - 2 scrolls of blinking
Potions
 n - a potion of ambrosia {unknown}
 w - a potion of haste
 x - 2 potions of lignification {unknown}
Comestibles
 c - 12 rations
 o - 2 chunks of flesh


   Skills:
 - Level 3.0 Fighting
 * Level 4.6 Short Blades
 - Level 3.0 Armour
 + Level 2.5 Dodging
 * Level 3.8 Stealth
 + Level 3.3 Invocations


You had 5 spell levels left.
You didn't know any spells.
Your spell library was empty.

Dungeon Overview and Level Annotations

Branches:
Dungeon (6/15)
 Temple: D:4-7

Altars:
Ashenzari
Elyvilon
Okawaru
Ru
Vehumet

Annotations:
D:3 exclusion: downstairs
D:4 exclusion: downstairs
D:5 Grinder


Innate Abilities, Weirdness & Mutations

You are small and have problems with some larger weapons.
You are somewhat resistant to further mutation.


Message History

Grinder is too close now for your liking.
Okay, then.
You barely miss Grinder. You hit Grinder.
Grinder is lightly wounded.
Grinder hits you!
You writhe in agony.
You completely miss Grinder.
Grinder is lightly wounded.
Grinder gestures at you. Pain shoots through your body!
You barely miss Grinder.
Grinder is lightly wounded.
Grinder gestures at you.
You suddenly lose the ability to move!
Grinder gestures at you. Pain shoots through your body!
* * * LOW HITPOINT WARNING * * *
Grinder gestures at you. Pain shoots through your body!
You die...

........####.#####
........# #..#
#.......# ##.#
#.......# .#
........# .#
........##
.......).##
#...####..# #...
##@# ...
#.5.##.###### ..
###.......[<#
.........#
.........#
.........#
.........#
.........#
.........#


You could see Grinder.

Vanquished Creatures
  A scorpion (D:4)
  An orc priest (D:4)
  2 orc wizards (D:4)
  3 worker ants (D:4)
  4 adders
  An ooze (D:1)
  A worm (D:4)
  2 dart slugs (D:2)
  A leopard gecko (D:2)
  9 orcs
  11 bats
  4 giant cockroaches
  5 goblins
  4 hobgoblins
  A jackal (D:2)
  3 frilled lizards (D:1)
  8 kobolds
  9 rats
70 creatures vanquished.

Notes
Turn   | Place    | Note
-------+----------+-------------------------------------------
     0 | Abyss:1  | Jindul the Halfling Abyssal Knight began the quest for the
                  | Orb.
     0 | Abyss:1  | Reached XP level 1. HP: 15/15 MP: 2/2
    33 | Abyss:1  | Noticed an ancient zyme
    51 | Abyss:1  | Noticed a tentacled starspawn
    52 | D:1      | Escaped the Abyss
    72 | D:1      | Reached * piety under Lugonu
   118 | D:1      | Reached XP level 2. HP: 10/20 MP: 3/3
   347 | D:1      | Reached skill level 1 in Stealth
   737 | D:1      | Reached XP level 3. HP: 25/25 MP: 4/4
   907 | D:1      | Reached skill level 3 in Short Blades
  1216 | D:2      | Reached ** piety under Lugonu
  1316 | D:2      | Reached XP level 4. HP: 24/30 MP: 5/5
  2618 | D:4      | Reached XP level 5. HP: 26/36 MP: 5/7
  2798 | D:4      | Found a white marble altar of Elyvilon.
  2805 | D:4      | Found an iron altar of Okawaru.
  2805 | D:4      | Found a radiant altar of Vehumet.
  2805 | D:4      | Found a shattered altar of Ashenzari.
  2807 | D:4      | Found a sacrificial altar of Ru.
  3427 | D:4      | Reached skill level 4 in Short Blades
  3427 | D:4      | Reached XP level 6. HP: 19/42 MP: 8/8
  4882 | D:5      | Entered Level 5 of the Dungeon
  4883 | D:5      | Noticed Grinder
  5096 | D:6      | Noticed an orc warrior
  5183 | D:5      | Paralysed by Grinder for 2 turns
  5185 | D:5      | Killed from afar by Grinder

Levels and vault maps discovered:
D:1:      onia_arrival_handbag, layout_loops_ring
D:2:      layout_basic, minmay_misc_feat_four_crosses, minmay_diced_spiral
D:3:      layout_loops_ring, first_ration, grunt_decor_fettered
D:4:      layout_basic, minitemple
D:5:      layout_rooms, nicolae_dithmenos_through_a_glass_darkly, uniq_pikel,
          uniq_grinder
D:6:      kennysheep_orc_sif_temple, layout_basic

Skill      XL: |  1  2  3  4  5 |
---------------+----------------+-----
Stealth        | 1 2 3 |  3.8
Short Blades   | 3 4 |  4.6
Fighting       | 3 |  3.0
Dodging        | 2 |  2.5
Armour         | 3 |  3.0
Invocations    | 3 |  3.3

Action                   |  1- 3 |  4- 6 || total
-------------------------+-------+-------++-------
Melee: Short sword       |    56 |   131 ||   187
       Dagger            |   113 |   152 ||   265
 Fire: Hunting sling     |       |     3 ||     3
Invok: Depart the Abyss  |     1 |       ||     1
       Bend Space        |       |     1 ||     1
  Use: Potion            |       |     4 ||     4
       Scroll            |       |     7 ||     7
 Stab: Sleeping          |       |     3 ||     3
  Eat: Chunk             |     1 |     9 ||    10
       Ration            |       |     1 ||     1
Armor: Leather armour    |    47 |    12 ||    59
       Robe              |    14 |    35 ||    49
Dodge: Dodged            |   149 |   170 ||   319

Table legend:
 A = Non-vault XP
 B = Vault XP
 C = Vault XP percentage of total XP
 D = Non-vault monster count
 E = Vault monster count
 F = Vault count percentage of total count
                 A         B        C        D         E       F
            +---------+---------+-------+---------+---------+-------
      Total |     444 |      16 |   3.5 |      63 |       7 |  10.0
            +---------+---------+-------+---------+---------+-------
        D:1 |      34 |      10 |  22.7 |      24 |       4 |  14.3
        D:2 |      35 |       6 |  14.6 |      10 |       3 |  23.1
        D:3 |      17 |       0 |   0.0 |      10 |       0 |   0.0
        D:4 |     345 |       0 |   0.0 |      18 |       0 |   0.0
        D:6 |      13 |       0 |   0.0 |       1 |       0 |   0.0
            +---------+---------+-------+---------+---------+-------
